 Dungeon Crawl Stone Soup version 0.21-a0-33-g8b44e26 (webtiles) character file.

23 blackwizard the Caller (level 2, -2/24 HPs)
             Began as a Troll Summoner on May 27, 2017.
             Slain by an adder (5 damage)
             ... on level 2 of the Dungeon.
             The game lasted 00:05:22 (857 turns).

blackwizard the Caller (Troll Summoner)              Turns: 857, Time: 00:05:23

Health: -2/24      AC:  5    Str: 15    XL:     2   Next: 75%
Magic:  3/3        EV: 10    Int: 11    God:
Gold:   21         SH:  0    Dex: 10    Spells: 2/3 levels left

rFire    . . .     SeeInvis .   d - +0 hand axe
rCold    . . .     Gourm    +   (no shield)
rNeg     . . .     Faith    .   a - +0 robe
rPois    .         Spirit   .   (helmet restricted)
rElec    .         Reflect  .   (no cloak)
rCorr    .         Harm     .   (gloves unavailable)
MR       .....                  (boots unavailable)
Stlth    +.........             (no amulet)
Regen    0.5/turn               (no ring)
MPRegen  0.1/turn               (no ring)

@: lethally poisoned (-2 -> -3)
A: unfitting armour, claws 3, fast metabolism 3, gourmand, regeneration 1,
shaggy fur 1, tough skin 2
a: no special abilities


You were on level 2 of the Dungeon.
You were near starving.

You visited 1 branch of the dungeon, and saw 2 of its levels.

You collected 21 gold pieces.

Inventory:

Hand Weapons
 d - a +0 hand axe (weapon)
 j - a +1 dagger of venom
Missiles
 g - 14 stones (quivered)
Armour
 a - a +0 robe (worn)
Scrolls
 f - 2 scrolls of remove curse {unknown}
 i - 3 scrolls of identify {unknown}
Potions
 e - 3 potions of haste {unknown}
 h - a potion of curing {unknown}
Books
 b - a book of Callings

   Spells                             Type                      Level
   a - Summon Small Mammal            Summoning                    1
   b - Call Imp                       Summoning                    2
   c - Call Canine Familiar           Summoning                    3
   d - Summon Guardian Golem          Hexes/Summoning              3
   e - Summon Lightning Spire         Summoning/Air                4
   f - Summon Ice Beast               Ice/Summoning                4
Comestibles
 c - 3 bread rations
 k - a chunk of flesh
 l - 4 fruits


   Skills:
 + Level 0.1 Fighting
 + Level 0.4 Axes
 + Level 1.8 Dodging
 + Level 1.1 Stealth
 + Level 1.4 Spellcasting
 + Level 3.1 Summonings


You had 2 spell levels left.
You knew the following spells:

 Your Spells              Type           Power        Failure   Level  Hunger
a - Summon Small Mammal   Summ           #...         9%          1    ##.....


Dungeon Overview and Level Annotations

Branches:
Dungeon (2/15)

Altars:


Innate Abilities, Weirdness & Mutations

You are too large for most types of armour.
You have claws for hands.
Your metabolism is lightning-fast.
You like to eat raw meat.
Your natural rate of healing is unusually fast.
You are covered in fur. (AC +1)
You have very tough skin. (AC +2)


Message History

The adder poisons you! The leopard gecko bites you.
The adder bites you but does no damage.
You feel sick.
Found an escape hatch in the ceiling.
The leopard gecko closely misses you. The adder bites you but does no damage.
A leopard gecko comes into view.
You feel sick.
The leopard gecko hisses angrily.
The leopard gecko closely misses you. The adder barely misses you.
Found a stone staircase leading up.
You feel sick. The leopard gecko bites you.
* * * LOW HITPOINT WARNING * * *
The leopard gecko hisses menacingly.
The leopard gecko bites you.
* * * LOW HITPOINT WARNING * * *
Found a stone staircase leading up.
The leopard gecko bites you but does no damage. x3
The adder bites you.
You die...

...........<..#
..................#
..............###.# #
..............# .##
...>..........# ###...
..............##......
...........$..........
.............#........
............#.@.......
.#####.......S........
##......ll.......
#...........#...
#.................
#..<##...........<..
#.## ##...#........<
.. ............... .
###.######......


You could see an adder and 2 leopard geckos.

Vanquished Creatures
  2 bats (D:1)
  4 goblins (D:1)
  A hobgoblin (D:1)
  2 jackals (D:1)
  4 kobolds (D:1)
  A ball python (D:1)
  4 rats (D:1)
18 creatures vanquished.

Vanquished Creatures (collateral kills)
  2 giant cockroaches (D:1)
  A hobgoblin (D:1)
  3 frilled lizards (D:1)
  A kobold (D:1)
  A rat (D:2)
8 creatures vanquished.

Grand Total: 26 creatures vanquished

Notes
Turn   | Place    | Note
-------+----------+-------------------------------------------
     0 | D:1      | blackwizard the Troll Summoner began the quest for the Orb.
     0 | D:1      | Reached XP level 1. HP: 16/16 MP: 1/1
    94 | D:1      | Reached skill level 3 in Summonings
   240 | D:1      | Reached XP level 2. HP: 24/24 MP: 2/2
   520 | D:1      | Paralysed by fainting for 6 turns
   529 | D:1      | Paralysed by fainting for 7 turns
   857 | D:2      | Slain by an adder

Vault maps used:
D:1:      lightli_arrival_farm
D:2:      columned_hall_lemuel, uniq_sigmund

Skill      XL: |  1 |
---------------+----+-----
Summonings     | 3 |  3.1
Fighting       | |  0.1
Axes           | |  0.4
Dodging        | |  1.8
Stealth        | |  1.1
Spellcasting   | |  1.4

Action                   || total
-------------------------++-------
Melee: Hand axe          ||    66
       Unarmed           ||     1
 Cast: Summon Small Mamm ||    16
  Eat: Bread ration      ||     1
Armor: Robe              ||   117
Dodge: Dodged            ||   131
